[Event "Sautron op 13th"]
[Site "Sautron"]
[Date "2013.10.28"]
[Round "4"]
[White "Terrieux, Kevin"]
[Black "Le Roux, Jean Pierre"]
[Result "1/2-1/2"]
[ECO "B07"]
[WhiteElo "2415"]
[BlackElo "2571"]
[Annotator "RR"]
[PlyCount "61"]
[EventDate "2013.10.26"]
[EventType "swiss"]
[EventRounds "9"]
[EventCountry "FRA"]
[SourceTitle "EXT 2016"]
[Source "ChessBase"]
[SourceDate "2015.10.08"]
[SourceVersion "1"]
[SourceVersionDate "2015.10.08"]
[SourceQuality "1"]
[TimeControl "40/5400+30:1800+30"]
[WhiteClock "1:30:00"]
[BlackClock "1:30:00"]

1. d4 d6 2. e4 Nf6 3. Nc3 g6 4. Be3 a6 (4... Bg7) (4... c6) 5. h3 (5. f3) (5. Qd2) 5... Bg7 6. e5 $5 {[%emt 0:13:08] Une ligne secondaire} (6. Bd3 O-O 7. Qd2 Nc6
8. Nf3 e5 9. dxe5 Nxe5 10. Nxe5 dxe5 11. Bh6 Be6 12. O-O-O Nh5 13. g3 Bxh6 14.
Qxh6 Qf6 15. Qe3 Rad8 16. Be2 Ng7 17. f4 c6 18. Rdf1 exf4 19. gxf4 Qd4 20. Qg3
b5 21. f5 Bc4 22. Rd1 Qc5 23. Bxc4 Qxc4 24. Rxd8 Rxd8 25. Qc7 Rf8 26. a3 Qc5
27. Kb1 gxf5 28. exf5 Nxf5 29. Ne4 Qd4 30. Qf4 Re8 31. Qg5+ Kf8 32. Nf6 Re5 33.
Nxh7+ Ke8 34. Nf6+ Kf8 35. Rf1 c5 {Nepomniachtchi,I (2717)-Grischuk,A (2779)
Khanty-Mansiysk 2013 1-0}) (6. a4) (6. Nf3) (6. f4) 6... Nfd7 7. exd6 $146 (7. f4 c5 8. Nf3 O-O 9. Bc4 cxd4 10. Bxd4 dxe5
11. fxe5 e6 12. O-O Nc6 13. Bb3 Nxd4 14. Qxd4 Nxe5 15. Qe4 Nxf3+ 16. Rxf3 Qd4+
17. Qxd4 Bxd4+ 18. Kh1 b5 19. Rd1 Bg7 20. Rfd3 Bb7 21. Kg1 Rac8 22. Rd6 Bxc3
23. bxc3 Rxc3 24. Rd7 Be4 25. Ra7 Bxc2 26. Rc1 Rfc8 27. Rf1 R8c7 28. Rxc7 Rxc7
29. Rc1 Bxb3 30. Rxc7 Bxa2 31. Ra7 b4 32. Rxa6 Bd5 33. Rb6 b3 34. Kf2 g5 35. g3
Kg7 36. Ke3 Kf6 {Kerigan,D (2134)-Shimanov,A (2583) Konya 2011 0-1}) (7. e6 $5
$146 {Un peu bizarre puisque les Blancs ont joué Be3 avant Nf3 maic c'est
peut-être jouable} fxe6 8. Nf3 O-O 9. Ng5 Nf6 10. Bc4 d5 11. Bb3 b5 12. O-O
Nc6 13. Qd2 Bd7 14. Rae1 $44) 7... cxd6 8. Nf3 b5 9. Bd3 Bb7 10. Qd2 Nf6 (10... O-O 11. Bh6) 11. a4 Nbd7 12. axb5 axb5 13. O-O b4 14. Ne2 Rb8 (14... Bxf3 $5 {Un coup naturel qui donne une position solide au GMI mais
la paire de B peut-être utile dans cette position relativement ouverte.} 15.
gxf3 Nd5 $11) 15. Ne1 O-O 16. f4 (16. Ra4 $5 Nd5 $11) 16... Nd5 17. f5 Nxe3 18. Qxe3 Nf6 19. Nf3 Nd5 20. Qd2 Qb6 21. Kh1 (21. Kh2) 21... Nf6 (21... b3 22. c4 Nb4 23. Bb1 Ba6 (23... Ra8)) 22. Qe3 Rbe8 23. Qf2 e6 24. fxg6 fxg6 25.
Qh4 Nh5 26. Ng5 Qd8 27. Qg4 Nf6 28. Qg3 Nh5 29. Qg4 Nf6 30.
Qg3 Nh5 31. Qg4 1/2-1/2

[Event "Sautron op 15th"]
[Site "Sautron"]
[Date "2015.10.24"]
[Round "4.4"]
[White "Bedouin, Xavier"]
[Black "Bailet, Pierre"]
[Result "0-1"]
[ECO "B07"]
[WhiteElo "2334"]
[BlackElo "2515"]
[Annotator "RR"]
[PlyCount "86"]
[EventDate "2015.10.24"]
[EventType "swiss"]
[EventRounds "9"]
[EventCountry "FRA"]
[SourceTitle "CBM 169 Extra"]
[Source "ChessBase"]
[SourceDate "2015.12.18"]
[SourceVersion "1"]
[SourceVersionDate "2015.12.18"]
[SourceQuality "1"]
[TimeControl "40/5400+30:1800+30"]
[WhiteClock "0:22:40"]
[BlackClock "0:28:38"]

1. e4 g6 2. d4 Bg7 3. Nf3 d6 4. c3 {[%emt 0:00:54] Une
suite solide} Nf6 5. Bd3 O-O 6. O-O Nc6 (6... c5) (6... Nbd7) 7. h3 (7. Re1 e5 8. h3 Re8 9. d5 $14) (7. d5 Nb8 8. c4 (8. h3)) 7...
e5 (7... Nd7 $5) 8. dxe5 Nxe5 (8... dxe5 {Plus courant} 9. Na3 h6 10. Re1 Nh5 11. Bf1 Qf6 12. g3 Rd8 $132 {Pakleza,Z (2515)-Heberla,B (2556) POL-chT Poland 2015
(4.5) 1-0}) 9. Nxe5 dxe5 10. Qe2 (10. Qf3) (10. Bg5) 10... Nh5 (10... c6) 11.
Na3 $146 (11. Bc4 Qh4 12. Na3 a6 13. Nc2 Kh8 14. Ne1 h6 15.
Nf3 Qe7 16. Re1 Bd7 17. Bd2 Rfd8 18. Rad1 Ba4 19. b3 Be8 20. Bc1 b5 21. Bd3 c5
22. Bc2 Bc6 23. Rxd8+ Rxd8 24. g3 Nf6 25. Kh2 Kg8 26. Nh4 Qc7 27. Qe3 Bf8 28.
Nf3 Bb7 29. Ng1 a5 30. f3 c4 31. Rd1 Rxd1 32. Bxd1 cxb3 33. axb3 Qc6 34. Qd3
Nd7 35. Be3 a4 36. b4 g5 37. Bc2 Nb6 38. Bxb6 Qxb6 39. Kg2 Bc8 40. Bb1 Be6 {
Nun,J (2382)-Krasenkow,M (2647) Germany 2006 0-1}) 11... Qe7 12. Bc4 (12. Nc4 Bd7 13. Ne3 Nf4 $132 14. Qf3 Qf6 (14... Rad8
15. Nd5 Nxd5 16. exd5 f5 17. Bc4 Qc5 18. Bb3 Kh8 $11) 15. Ng4) 12... Bd7 13. Rd1 Rad8 $32 14. Nc2 {
[%emt 0:09:29] Ce plan est un peu trop lent} Bc8 $1 $11 15.
Be3 Nf4 $132 {[%emt 0:06:09] Les pièces Noires sont
nettement mieux coordonnées} 16. Qf3 Qf6 17.
Kh2 a5 18. a4 (18. Bf1) (18.
Bc5 Rxd1 19. Rxd1 Rd8 20. Bf1 ) 18... h5 19. Bc5
$1 {[%emt 0:20:28] Après une longue réflexion, les Blancs trouvent un bon
coup pour résoudre un peu les problèmes de développement} Rxd1 20. Rxd1 Rd8 $1 21. Rxd8+ Qxd8 22. Be3 Qe7 $1 23.
Qd1 (23. Bxf4 exf4 24. Qxf4 Be5) 23... Bd7 $1 {[%emt 0:03:33]
[%csl Ra4] Un coup simple mais pas si facile à parer pour les Blancs} 24. Bb5 Be6 $1 25. Na3 {
[%emt 0:01:16] La nouveauté Na3 n'était pas très heureuse et sans être en
danger, les Blancs ont des petits problèmes pour garder l'égalité} Kh7 26. Bf1 $1 Bd7 27. g3 Ne6 28. h4 (28.
Nb5 $5 c6 29. Nd6 Bf8 30. Nc4) 28... Bc6 29. f3 Bh6 $1 {[%emt 0:05:32] Après le coup f3, cet échange est
particulièrement avantageux pour les Noirs} 30. Bxh6 (30. Bf2
Qd7 31. Qxd7 Bxd7 32. Bb5) 30... Kxh6 31. Bb5 Qc5 32. Qd2+ Kg7 33. Kg2 Bxb5 $1 34. Nxb5 Qc4 35. Qd1 Nc5 $36 36. Nxc7 Nxa4 37. Ne8+ Kf8 38. Nd6 Qc6 $17 39. Qb3 Qxd6 40.
Qxa4 Qd2+ 41. Kh3 Qc1 42. Qa3+ Kg7 43. g4 $2 hxg4+ (43... hxg4+ 44. fxg4 Qf1+ (44... Qf4
45. Qxa5 Qf3+ 46. Kh2) 45. Kg3 Qf4+ 46. Kh3 Qf3+ 47. Kh2 Qxg4 48. Qxa5 Qxh4+ 49. Kg2 Qg5+ 50. Kf2 Qf4+ 51. Ke2 g5) 0-1

[Event "Plancoet op-A 10th"]
[Site "Plancoet"]
[Date "2013.08.01"]
[Round "6"]
[White "Bryzgalin, Kirill"]
[Black "Konguvel, Ponnuswamy"]
[Result "1/2-1/2"]
[ECO "B07"]
[WhiteElo "2470"]
[BlackElo "2319"]
[Annotator "RR"]
[PlyCount "81"]
[EventDate "2013.07.28"]
[EventType "swiss"]
[EventRounds "9"]
[EventCountry "FRA"]
[SourceTitle "EXT 2017"]
[Source "ChessBase"]
[SourceDate "2016.10.25"]
[SourceVersion "1"]
[SourceVersionDate "2016.10.25"]
[SourceQuality "1"]
[TimeControl "40/5400+30:1800+30"]

1. d4 Nf6 2. Nf3 g6 3. Nbd2 Bg7 4. e4 d6 5. Bd3 O-O 6. O-O c5 7. c3 cxd4 8.
cxd4 Nc6 9. d5 (9. h3 e5 10. d5 Nb4 11. Bb1 a5 12. Ne1 Nh5 13. a3 {1/2-1/2 (13)
Bryzgalin,K (2490)-Seger,R (2378) Pardubice 2012}) 9... Nb4 10. Bc4 a5 11. Re1
Bd7 12. a3 Na6 13. h3 $146 (13. Nb3 Ba4 14. Qe2 Bxb3 15. Bxb3 Nc5 16. Bc2 Nfd7
17. Rb1 a4 18. Be3 Qa5 19. h4 h5 20. Ng5 Qa6 21. Qd1 Qc4 22. Nf3 Rfc8 23. Bd4
Ne5 24. Nxe5 Bxe5 25. Bxe5 dxe5 26. Qd2 Kg7 27. Rbd1 Rc7 28. Re3 Rac8 29. Rc3
Qb5 30. Rb1 Nd7 31. Qd1 Nc5 32. g4 hxg4 33. Qxg4 Nb3 34. Bxb3 Rxc3 35. Bc2 {
1-0 (35) Meduna,E (2485)-Jirovsky,P (2245) Prague 1994}) 13... Nc5 14. e5 dxe5
15. Nxe5 Ba4 16. Qf3 Qd6 17. Nf1 Nfd7 18. Nxd7 Nxd7 19. Bf4 Qf6 20. b3 b5 21.
Be2 Bxb3 $132 22. Bxb5 Nb6 23. Qxb3 Qxf4 24. Rad1 a4 25. Qa2 Nc8 26. Qc2 Nd6
$11 27. Bc6 Ra7 28. Qc5 Nc8 29. Rd3 Qc7 30. Rb1 Nd6 31. Qb4 Qc8 32. Ne3 Qa6 33.
Rdd1 Rd8 34. g3 h5 35. h4 Bh6 36. Qd4 Bg7 37. Qd3 Qxd3 38. Rxd3 Ne4 39. Rb4 Nc5
40. Rd1 Be5 41. Kf1 1/2-1/2

[Event "Tata Steel-B 79th"]
[Site "Wijk aan Zee"]
[Date "2017.01.24"]
[Round "9"]
[White "Van Foreest, Jorden"]
[Black "Smirin, Ilia"]
[Result "0-1"]
[ECO "B07"]
[WhiteElo "2612"]
[BlackElo "2667"]
[Annotator "Ramirez Alvarez,A"]
[PlyCount "110"]
[EventDate "2017.01.14"]
[EventType "tourn"]
[EventRounds "13"]
[EventCountry "NED"]
[EventCategory "14"]
[SourceTitle "CBM 177"]
[Source "ChessBase"]
[SourceDate "2017.03.16"]
[SourceVersion "1"]
[SourceVersionDate "2017.03.16"]
[SourceQuality "1"]
[TimeControl "40/6000+30:20/3000+30:900+30"]

1. d4 g6 2. e4 Bg7 3. Nc3 d6 4. Be3 a6 5. h4 Nf6 6. f3 b5 7. Qd2 h5 8. Nh3 Nbd7 9. O-O-O Nb6 10. a3 c6 11. Ng5 O-O $146 (11... d5 12. e5 Nh7 13. Nh3 Nf8 14. Nf2 Nc4 15. Bxc4
bxc4 16. Ne2 Rb8 17. g4 Qb6 18. c3 Ne6 19. Nf4 Bh6 20. Ng2 Bf8 21. Nf4 Nd8 22.
Qc2 Be6 23. Rde1 Bh6 24. Ng2 Bxe3+ 25. Nxe3 c5 26. Rd1 cxd4 27. cxd4 Nc6 28.
Qc3 Qa7 29. b4 a5 30. Nc2 axb4 31. axb4 Nxe5 32. dxe5 Qxf2 33. Qe3 Qxe3+ 34.
Nxe3 Rxb4 35. Nxd5 Bxd5 36. Rxd5 e6 37. Rc5 Kf8 38. Kc2 Kg7 39. Kc3 Rb3+ 40.
Kd2 Rxf3 41. Rxc4 {Rodshtein,T (2207)-Melkumyan,H (2653) Douglas 2016 0-1}) 12.
g4 hxg4 13. h5 Nxh5 14. fxg4 Bxg4 15. Be2 Nc4 16. Bxc4 bxc4 17. Rdg1 Qd7 18. Qg2 f5 19. exf5 Bxf5 20. Nf3 Qe6 21. Bd2 {[%emt 0:00:43] It seems that
White has excellent winning chances: He is down two pawns, but the threats on
the kingside seem to be insurmountable. Smirin turns that on its head.} Be4 22. Nxe4 Qxe4 23. Rxh5 Rxf3 24. Rg5 Raf8 $1 {
[%emt 0:03:19] It was mandatory to have found this move before embarking on
Be4. It seems that Rxg6 is decisive, but Black has an ace up his sleeve.} 25.
Rxg6 Rf1+ 26. Rxf1 Rxf1+ 27. Qxf1 Qxg6 28. Qxc4+ d5 29. Qf1 Bxd4 30. Bc3 Qg1 31. Qxg1+ Bxg1 32. Kd2 Kf7 33. Kd3 Ke6 34. Bb4 Kf6 35. a4 e5 36. Bf8 e4+ 37. Ke2 d4 38. Bd6 Be3 39. c3 Bc1 40.
cxd4 Bxb2 41. Ke3 Ke6 42. Bc5 Kd5 43. Bb6 Bc1+ 44. Ke2 Kc4 45.
a5 e3 46. Ba7 Bd2 47. Bb6 Kb5 48. d5 cxd5 49. Kd3 Bxa5 50. Bxe3 Bb6 51. Bc1 a5 52. Bb2 a4 53. Kc3 d4+ 54. Kd3 Kb4 55. Bc1 Kb3 0-1

[Event "Gibraltar Masters 18th"]
[Site "Caleta"]
[Date "2020.01.24"]
[Round "4"]
[White "Sunilduth Lyna, Narayanan"]
[Black "Kobo, Ori"]
[Result "1-0"]
[ECO "B07"]
[WhiteElo "2637"]
[BlackElo "2445"]
[Annotator "Sunilduth Lyna,Narayanan "]
[PlyCount "137"]
[EventDate "2020.01.21"]
[EventType "swiss"]
[EventRounds "10"]
[EventCountry "GGB"]
[SourceTitle "CBM 194 Extra"]
[Source "ChessBase"]
[SourceDate "2020.03.31"]
[SourceVersion "1"]
[SourceVersionDate "2020.03.31"]
[SourceQuality "1"]
[TimeControl "40/6000+30:20/3000+30:900+30"]

{[%evp 0,137,19,28,74,66,78,67,87,83,69,25,52,24,16,34,85,76,53,58,73,73,20,63,
36,50,66,23,56,81,89,89,33,19,11,18,18,26,24,34,29,34,29,17,53,74,83,53,65,65,
65,65,119,113,127,88,100,88,73,96,113,113,115,115,115,115,115,115,115,101,101,
101,113,105,94,76,98,84,86,93,94,72,94,92,92,34,73,61,64,66,66,66,88,64,64,64,
64,75,80,81,104,110,111,115,108,122,120,108,108,72,72,72,84,106,106,99,126,143,
188,161,188,144,144,149,286,210,444,304,300,354,505,475,505,507,962,992,992,
1002,1002,1002] This game was played in the 4th round of the Gibraltar Masters.
My opponent, though rated a mere 2445, is a grandmaster from Israel and had in
the previous round played a good game against my compatriot Karthikeyan Murali.
So I was a bit cautious not to underestimate him} 1. e4 d6 2. d4 Nf6 3. Nc3 g6 4. Bf4 $5 {[%emt 0:00:10] An interesting setup which
is getting popular nowadays. The ideas are similar to that of 4.Be3.} Bg7 5. Qd2 c6 6. Bh6 Bxh6 7. Qxh6 e5 8. Nf3 Qe7 9. dxe5 $5 {[%emt 0:03:43] This positon
was somewhat fresh to me. There are many possible ways in which White could
continue, but to put a brake on my opponent's possible preparation I played
this move.} (9. Bc4 Nbd7 10. O-O b5 11. Bb3 exd4 12. Nxd4 Bb7) 9... dxe5 10. Bc4 b5 11. Bb3 Nbd7 12. a3 (12. O-O Nc5 13. h3 a5
14. a3 Nh5 15. Ne2 f6 {Even though computers kind of slighty prefer White's
position I kind of seriously doubt it since Black is very solid.}) 12... Nc5 13. Ba2 Be6 $1 {[%emt 0:02:52] Of course
Black should exchange the dangerous white B pointing toward the weak f7 square}
14. Bxe6 Nxe6 15. Nxe5 Nd4 16. O-O-O (16. Nxc6 $5 {is an interesting
alternative undertaking some risks to exploit the bad position of Black's king
and the disconnected rooks, but objective Black is fine after a series of
accurate moves.} Nxc6 17. O-O-O Ne5 (17... Qe5 18. f4 Ng8 19. Qh4 Qc5 20. f5
Qe7 21. Qh3 $36 ) 18. Rhe1 Nfg4 19. Qf4 O-O $1 {
The most logical move keeping the king in safety!} (19... Rc8 20. Rd5 $1 Rxc3 (20... Rc5 21. f3 g5 22. Qf5 Nh6 23. Qh3
Rc6 24. Qh5 $16 {Black still has problems to solve}) 21. bxc3 Qxa3+ 22. Kd1 O-O
23. h3) 20. Nd5 Qh4 21. f3 (21. h3 Qxf2 22. hxg4 Qxf4+ 23. Nxf4 Nxg4) 21...
Qxh2 22. fxg4 Qxf4+ 23. Nxf4 Nxg4) 16... Qxe5 17. f4 Qc5 18. Qg5 {[%emt 0:01:57] Till here and some small
lines from here I calculated before playing Nxe5!?} Nxe4 $1 (
18... Qxg5 19. fxg5 Nxc2 20. gxf6 Ne3 21. Rd6 Rc8 22. e5 Nc4 23. Rd4 O-O 24.
Re1 $14 Rfe8 (24... Rcd8 25. Rxd8 Rxd8 26. b3 Nxa3 27. e6 fxe6 28. Rxe6 Kf7 29.
Rxc6 Rd4 30. Ra6 b4 31. Rxa7+ Kxf6 32. Ra4 ) 25. e6 $1
Rxe6 26. Rxe6 fxe6 27. Rd7 Rf8 28. Ne4 {[%csl Gd7,Ge4,Gf6] and the white
pieces are better coordinated though it would be not clear if it will be
enough for a win. Still White will be pushing a bit!}) 19. Rhe1 (19. Rde1 {would have been more accurate in my opinion since it eliminates a
defence which was possible in the game continuation} O-O 20. Rxe4 Qxg5 21. fxg5
Rad8 22. Rhe1 $14 {with a risk free edge}) 19... Qxg5 20. fxg5 Ne6 21. Nxe4 {[%emt 0:00:10] [#]} Ke7 $2 (21... Rd8 $1 {Exchanging one rook reduces White's pressure on
Black, which is very important since all White's possible ideas are connected
with keeping both the rooks.} 22. h4 Rxd1+ 23. Rxd1 h6 24. gxh6 Rxh6 25. Nd6+
Kf8 26. g3 a6 $11) (21... h6 $2 22. Nd6+ Ke7 23. Nxf7 Kxf7 24. Rd7+ Ke8 25. Rb7
$18) 22. Rd3 Rad8 23. Rf3 $1 Rd5 ({At least now Black should have tried to free the
position a bit rather than sitting and defending. That kind of strategy
basically backfires since White has too many ideas. But now the cost is that
of a pawn in order to free the position.} 23... h6 $1 24. h4 Rd5 25. Ref1 Rf5
$1 {Again the typical concept we saw including the exchange of one rook!} 26.
Rxf5 gxf5 27. Rxf5 hxg5 28. Nxg5 Nxg5 29. hxg5 Rh1+ 30. Kd2 Rh2 31. Rf2 Rh5 32.
Rf6 Rxg5 33. Rxc6 Rxg2+ 34. Kc3 f5 $11 {Clearly difficult to evaluate this
position for humans but still a better version than the game!}) 24. Ref1 Nd8 25. h4 Rd4 ({Now} 25... h6 {is tactically possible too, but still leaves a lot of
positional weaknesses in Black's position.} 26. gxh6 f5 $1 (26... Rxh6 27. Nf6 ) 27. Ng5 Rxh6 28. Re3+ Kd7 29. Nf3 $14) 26. Re3 Kf8 27. c3 Rd7 28. Nf6 Re7 29. Rd3 Kg7 30. h5 gxh5 31. Nxh5+ Kg6 32. Nf4+ Kg7 33. Rd6 $1 {[%emt 0:00:02] This move I saw when I played 27.c3} Ne6 34. Rxc6 Nxf4 35. Rxf4 Rb8 36. Rd6 Rbb7 37. Rf5 Re1+ 38. Rd1 Re4 39. Rd4 Re2 40. Rd2 {
[%emt 0:04:48] Just to make it to the 40th move in order to convert the
advantage in the most effective manner.} Re3 41. Rdd5 a6 42. Kc2 Rg3 43. Rf2 $16 {[%emt 0:01:33] Already Black's position was difficult to
defend but he should have restrained from playing his next move since it
breaks his structure completely} a5 $6 44. a4 bxa4 45. Rxa5 Rg4 46. Ra6 Re7 47. Kb1 Rd7 48. Ka2 Re7 49. Rb6 (49. Ka3 Re1) 49... Rxg5 50. Ka3 Ra7 51. Rb4 Rga5 52.
Rff4 Rg5 53. Rxa4 Rxa4+ 54. Rxa4 Rxg2 {[%emt 0:00:11] Here I was
pretty much sure the endgame was winning for me} 55. b4 Kf6 56. b5 Ke5 57. b6 Rg8 58. Kb4 f5 59.
Kb5 f4 60. b7 f3 61. Ra2 Ke4 62. c4 Rg2 63. Ra1 $1 {[%emt 0:01:11] Good technique and much more
practical than trying to assess whether} (63. b8=Q Rxa2 {is also winning.})
63... Rb2+ 64. Kc6 f2 65.
Kc7 h5 66. c5 Kf3 67. b8=Q Rxb8 68. Kxb8 Kg2 69. c6 1-0